 Dungeon Crawl Stone Soup version 0.26.0-7-g794d0892b4 (webtiles) character file.

Game seed: 7616219466315940416

42 jackrogers the Chopper (level 3, -2/31 HPs)
             Began as a Draconian Fighter on Jan 11, 2021.
             Slain by an ogre
             ... wielding a cursed -3 giant club
              (17 damage)
             ... on level 2 of the Dungeon.
             The game lasted 00:01:23 (1475 turns).

jackrogers the Chopper (Draconian Fighter)          Turns: 1475, Time: 00:01:23

Health: -2/31      AC:  5    Str: 19    XL:     3   Next: 33%
Magic:  3/3        EV: 10    Int:  8    God:
Gold:   58         SH:  9    Dex: 10    Spells: 2/2 levels left

rFire    . . .     SeeInvis .   e - -1 war axe (curse)
rCold    . . .     Faith    .   b - +0 kite shield
rNeg     . . .     Spirit   .   (armour unavailable)
rPois    .         Reflect  .   (helmet restricted)
rElec    .         Harm     .   (no cloak)
rCorr    .         Rampage  .   (no gloves)
Will     .....                  (no boots)
Stlth    +.........             (no amulet)
HPRegen  0.10/turn              (no ring)
MPRegen  0.08/turn              (no ring)

@: no status effects
A: unfitting armour, cold-blooded, AC +5
a: no special abilities


You were on level 2 of the Dungeon.
You visited 1 branch of the dungeon, and saw 2 of its levels.

You collected 58 gold pieces.

Inventory:

Hand Weapons
 a - a +0 war axe
 e - a cursed -1 war axe (weapon)
   (You found it on level 2 of the Dungeon)
Armour
 b - a +0 kite shield (worn)
 i - a +0 pair of gloves
   (You found it on level 1 of the Dungeon)
Potions
 c - a potion of might
 d - 5 potions of curing
 f - a potion of flight {unknown}


   Skills:
 - Level 3.2 Fighting
 * Level 3.8 Axes
 - Level 2.6 Dodging
 - Level 3.0 Shields


You had 2 spell levels left.
You didn't know any spells.
Your spell library was empty.

Dungeon Overview and Level Annotations

Branches:
Dungeon (2/15)

Altars:


Innate Abilities, Weirdness & Mutations

Your plain brown scales are hard. (AC +5)
You cannot fit into any form of body armour.
You are cold-blooded and may be slowed by cold attacks.


Message History

You now have 56 gold pieces (gained 4).
A giant cockroach comes into view.
A giant cockroach is nearby!
A giant cockroach is nearby!
A giant cockroach is nearby!
You see here a runed war axe.
You barely miss the giant cockroach.
The giant cockroach bites you but does no damage.
The giant cockroach misses you.
You barely miss the giant cockroach. The giant cockroach closely misses you.
You hit the giant cockroach but do no damage.
You tail-slap the giant cockroach. The giant cockroach misses you.
You block the giant cockroach's attack.
You barely miss the giant cockroach. The giant cockroach barely misses you.
The giant cockroach bites you but does no damage.
You barely miss the giant cockroach. You tail-slap the giant cockroach.
You block the giant cockroach's attack.
You completely miss the giant cockroach.
The giant cockroach bites you but does no damage.
You block the giant cockroach's attack.
You slash the giant cockroach!
You kill the giant cockroach!
You see here a giant cockroach corpse.
You see here a runed war axe.
e - a runed war axe It sticks to your hand!
e - a cursed -1 war axe (weapon)
You aren't carrying any scrolls.
Found a stone staircase leading up.
A bat and a kobold come into view.
The kobold shouts!
You hear a shout!
There are monsters nearby!
There are monsters nearby!
A goblin comes into view.
The bat barely misses you.
You miss the bat. You block the bat's attack. x2
You block the bat's attack. The bat barely misses you.
You hit the bat but do no damage. You block the bat's attack.
The bat barely misses you.
You hit the bat. You block the bat's attack. The bat closely misses you. x2
You barely miss the bat. You tail-slap the bat.
You kill the bat!
The kobold hits you but does no damage.
You hit the kobold.
A rat comes into view.
The kobold barely misses you.
You closely miss the kobold. You block the kobold's attack.
The kobold misses you.
Your shield prevents you from hitting the kobold.
You block the kobold's attack.
You barely miss the kobold. The kobold hits you but does no damage.
You hit the kobold.
You kill the kobold!
You block the goblin's attack. You block the rat's attack.
You closely miss the rat.
You tail-slap the rat, but do no damage.
You barely miss the goblin. The goblin hits you but does no damage.
The rat bites you.
You slash the rat!
You kill the rat!
You hit the goblin but do no damage. The goblin hits you but does no damage.
You barely miss the goblin. You tail-slap the goblin.
You block the goblin's attack. x2
You closely miss the goblin. The goblin barely misses you.
You slash the goblin!
You kill the goblin!
No target in view!
No target in view!
You now have 58 gold pieces (gained 2).
d - 5 potions of curing (gained 3)
You see here a spear.
Found a stone staircase leading down.
You aren't carrying any scrolls.
You aren't carrying any scrolls.
There is a stone staircase leading down here.
An ogre comes into view. It is wielding a -3 giant club.
The ogre shouts!
Spoiler Alert: The ogre can hit for high damage in melee!
An ogre is nearby!
An ogre is nearby!
An ogre is nearby!
You aren't carrying any scrolls.
Unknown command.
A rat comes into view.
Spoiler Alert: The ogre can hit for high damage in melee!
You hit the ogre but do no damage. You block the ogre's attack.
You slash the ogre! The ogre barely misses you.
You barely miss the ogre.
The ogre hits you with a cursed -3 giant club.
You hit the ogre but do no damage.
The ogre hits you with a cursed -3 giant club!
Spoiler Alert: The ogre can hit for high damage in melee!
You hit the ogre but do no damage. The ogre closely misses you.
You barely miss the ogre. You tail-slap the ogre. The ogre misses you.
Your shield prevents you from hitting the ogre.
You block the ogre's attack.
You hit the ogre.
The ogre hits you with a cursed -3 giant club!
Ouch! That really hurt!
You die...

#.....##)# ....
#.....##.# ...
#......... #..
#.....##.# #..
#.....##.. #.#
########.. #r# #..
#O# #.. #@#
######## #..
#.###..>...# ###
#.....####.#######
####### #........
#########


You could see an ogre and a rat.

Vanquished Creatures
  An adder (D:2)
  A worm (D:2)
  A dart slug (D:1)
  A leopard gecko (D:1)
  4 bats
  2 giant cockroaches
  5 goblins
  2 hobgoblins (D:1)
  3 kobolds
  3 frilled lizards (D:1)
  2 rats (D:2)
25 creatures vanquished.

Vanquished Creatures (others)
  5 plants (D:2)
5 creatures vanquished.

Grand Total: 30 creatures vanquished

Notes
Turn   | Place    | Note
-------+----------+-------------------------------------------
     0 | D:1      | jackrogers the Draconian Fighter began the quest for the
                  | Orb.
     0 | D:1      | Reached XP level 1. HP: 19/19 MP: 1/1
   103 | D:1      | Reached XP level 2. HP: 11/26 MP: 2/2
   324 | D:1      | Reached skill level 3 in Axes
   990 | D:2      | Reached XP level 3. HP: 14/31 MP: 3/3
  1463 | D:2      | Noticed an ogre
  1475 | D:2      | Slain by an ogre

Illustrated notes

Levels and vault maps discovered:
D:1:      minmay_arrival_solitary_statue, layout_basic
D:2:      layout_loops_cross, serial_bayou_pond_b

Skill      XL: |  1  2 |
---------------+-------+-----
Axes           | 3 |  3.8
Fighting       | |  3.2
Dodging        | |  2.6
Shields        | |  3.0

Action                   || total
-------------------------++-------
Melee: War axe           ||    90
       Tailslap          ||     9
  Use: Scroll            ||     4
 Stab: Sleeping          ||     1
Armor: Skin              ||    21
Dodge: Dodged            ||    43
Block: Kite shield       ||    42

Table legend: (Time is in decaauts)
 A = Elapsed time spent in this place.
 B = Non-inter-level travel time spent in this place.
 C = Inter-level travel time spent in this place.
 D = Time resting spent in this place.
 E = Time spent auto-exploring this place.
 F = Levels seen in this place.
 G = Mean time per level.
                   A        B        C        D        E       F      G
               +--------+--------+--------+--------+--------+-----+--------+
         Total |   1511 |   1482 |     29 |    546 |    705 |   2 |  755.5 |
       Dungeon |   1511 |   1482 |     29 |    546 |    705 |   2 |  755.5 |
               +--------+--------+--------+--------+--------+-----+--------+

Top non-repeatable levels by time:
     D:1: 904 daAuts
     D:2: 606 daAuts

Table legend:
 A = Kills in this place as a percentage of kills in entire the game.
 B = Kills by you in this place as a percentage of kills by you in the entire game.
 C = Kills by friends in this place as a percentage of kills by friends in the entire game.
 D = Other kills in this place as a percentage of other kills in the entire game.
 E = Experience gained in this place as a percentage of experience gained in the entire game.
 F = Experience gained in this place divided by the number of levels of this place that you have seen.
                   A       B       C       D       E      F
               +-------+-------+-------+-------+-------+----------------------
         Total | 100.0 | 100.0 |   N/A |   N/A | 100.0 |  30.0
       Dungeon | 100.0 | 100.0 |   N/A |   N/A | 100.0 |  30.0
               +-------+-------+-------+-------+-------+----------------------
